IL
INDIANAPOLIS INDIANS @ MEMPHIS REDBIRDS
07/27/2045
 
TOP OF THE 1ST
Indianapolis Indians batting - Pitching for Memphis Redbirds : RHP Geoff Mooney
Pitching: RHP Geoff Mooney
Batting: SHB Francisco Gutierrez 0-0: Foul Ball, location: 2F
0-1: Foul Ball, location: 2F
0-2: Strikes out looking
Batting: RHB Caleb Russell 0-0: Foul Ball, location: 2F
0-1: Ball
1-1: Foul Ball, location: 2F
1-2: Ball
2-2: Strikes out swinging
Batting: SHB Ben Myers 0-0: Ball
1-0: Called Strike
1-1: Foul Ball, location: 2F
1-2: Ball
2-2: Ball
3-2: SINGLE (Line Drive, 56, EV 106.9 MPH)
Batting: SHB Louie Horne 0-0: Called Strike
0-1: Ground out U3 (Groundball, 3, EV 101.2 MPH)
Top of the 1st over - 0 runs, 1 hit, 0 errors, 1 left on base; Indianapolis 0 - Memphis 0
BOTTOM OF THE 1ST
Memphis Redbirds batting - Pitching for Indianapolis Indians : RHP Curt Campbell
Pitching: RHP Curt Campbell
Batting: RHB Tim Nettles 0-0: Called Strike
0-1: Foul Ball, location: 2F
0-2: Strikes out swinging
Batting: SHB Quido van Erp 0-0: Swinging Strike
0-1: Ball
1-1: Fly out, F2 (Popup, 2LF, EV 93.1 MPH)
Batting: RHB Pavpv Ivanushkin 0-0: Ground out 5-3 (Groundball, 56, EV 87.5 MPH)
Bottom of the 1st over - 0 runs, 0 hits, 0 errors, 0 left on base; Indianapolis 0 - Memphis 0
TOP OF THE 2ND
Indianapolis Indians batting - Pitching for Memphis Redbirds : RHP Geoff Mooney
Batting: LHB Marc Carter 0-0: Ball
1-0: Foul Ball, location: 2F
1-1: Ground out 6-3 (Groundball, 6, EV 91.2 MPH)
Batting: SHB Trevor Weareorwear 0-0: Foul Ball, location: 2F
0-1: Called Strike
0-2: Foul Ball, location: 2F
0-2: Ball
1-2: Ball
2-2: Foul Ball, location: 2F
2-2: Ground out U3 (Groundball, 3S, EV 82.5 MPH)
Batting: RHB Bubba Tierney 0-0: Called Strike
0-1: Ball
1-1: Ball
2-1: Foul Ball, location: 2F
2-2: Foul Ball, location: 2F
2-2: Ball
3-2: Strikes out looking
Top of the 2nd over - 0 runs, 0 hits, 0 errors, 0 left on base; Indianapolis 0 - Memphis 0
BOTTOM OF THE 2ND
Memphis Redbirds batting - Pitching for Indianapolis Indians : RHP Curt Campbell
Batting: RHB Terry Baginski 0-0: Called Strike
0-1: Called Strike
0-2: Strikes out looking
Batting: LHB Jesus Ramirez 0-0: Foul Ball, location: 2F
0-1: Foul Ball, location: 2F
0-2: Foul Ball, location: 2F
0-2: Strikes out swinging
Batting: RHB Travis Leonard 0-0: Fly out, F8 (Line Drive, 8RM, EV 88.8 MPH)
Bottom of the 2nd over - 0 runs, 0 hits, 0 errors, 0 left on base; Indianapolis 0 - Memphis 0
TOP OF THE 3RD
Indianapolis Indians batting - Pitching for Memphis Redbirds : RHP Geoff Mooney
Batting: RHB Chris McCoy 0-0: Ball
1-0: Foul Ball, location: 2F
1-1: Ball
2-1: Ball
3-1: Foul Ball, location: 2F
3-2: Strikes out looking
Batting: RHB Slamet Pamungkas 0-0: SINGLE (Groundball, 6MD, EV 101.2 MPH)
Batting: SHB Francisco Gutierrez 0-0: Ball
1-0: Foul Ball, location: 2F
1-1: Foul Ball, location: 2F
1-2: Ball
Slamet Pamungkas steals 2nd base (no throw)
2-2: Ball
3-2: 2-RUN HOME RUN (Flyball, 78XD, EV 96.2 MPH), Distance : 392 ft
Batting: RHB Caleb Russell 0-0: Ball
1-0: Fly out, F9 (Line Drive, 9S, EV 95.6 MPH)
Batting: SHB Ben Myers 0-0: Ball
1-0: SOLO HOME RUN (Flyball, 7D, EV 96.2 MPH), Distance : 372 ft
Batting: SHB Louie Horne 0-0: Called Strike
0-1: Ball
1-1: Ground out 4-3 (Groundball, 34, EV 106.9 MPH)
Top of the 3rd over - 3 runs, 3 hits, 0 errors, 0 left on base; Indianapolis 3 - Memphis 0
BOTTOM OF THE 3RD
Memphis Redbirds batting - Pitching for Indianapolis Indians : RHP Curt Campbell
Batting: LHB Shigeru Ono 0-0: Called Strike
0-1: Ball
1-1: Ball
2-1: Ball
3-1: DOUBLE (Line Drive, 9LS, EV 103.1 MPH)
Batting: RHB Dan Boykins 0-0: Called Strike
0-1: Ball
1-1: Swinging Strike
1-2: Strikes out swinging
Batting: RHB Josh Lyon 0-0: Ball
1-0: Ball
2-0: Called Strike
2-1: Ball
3-1: Base on Balls
Batting: RHB Tim Nettles 0-0: Ball
1-0: Called Strike
1-1: Ball
2-1: Foul Ball, location: 2F
2-2: Foul Ball, location: 2F
2-2: Ball
3-2: Base on Balls
Shigeru Ono to third
Josh Lyon to second
Batting: SHB Quido van Erp 0-0: Called Strike
0-1: Ball
1-1: Foul Ball, location: 2F
1-2: Ball
2-2: DOUBLE (Groundball, 3L, EV 100.0 MPH)
Shigeru Ono scores
Josh Lyon scores
Tim Nettles to third
Runner from 3rd tries for Home, SAFE, throw by RF to home
Batting: RHB Pavpv Ivanushkin 0-0: Ball
1-0: Ball
2-0: Ball
3-0: Base on Balls
Batting: RHB Terry Baginski 0-0: Called Strike
0-1: Ball
1-1: Ball
2-1: Swinging Strike
2-2: Foul Ball, location: 2F
2-2: Strikes out swinging
Batting: LHB Jesus Ramirez 0-0: Ball
1-0: Swinging Strike
1-1: Foul Ball, location: 2F
1-2: Foul Ball, location: 2F
1-2: Ball
2-2: Strikes out looking
Bottom of the 3rd over - 3 runs, 2 hits, 0 errors, 2 left on base; Indianapolis 3 - Memphis 3
TOP OF THE 4TH
Indianapolis Indians batting - Pitching for Memphis Redbirds : RHP Geoff Mooney
Batting: LHB Marc Carter 0-0: Ball
1-0: Called Strike
1-1: Ground out 4-3 (Groundball, 4, EV 107.5 MPH)
Batting: SHB Trevor Weareorwear 0-0: Ball
1-0: Ball
2-0: Ball
3-0: Called Strike
3-1: Called Strike
3-2: Base on Balls
Batting: RHB Bubba Tierney 0-0: Called Strike
0-1: Fly out, F7 (Line Drive, 7, EV 97.5 MPH)
Batting: RHB Chris McCoy 0-0: Called Strike
0-1: Ball
1-1: Foul Ball, location: 2F
1-2: Ground out U3 (Groundball, 3, EV 89.4 MPH)
Top of the 4th over - 0 runs, 0 hits, 0 errors, 1 left on base; Indianapolis 3 - Memphis 3
BOTTOM OF THE 4TH
Memphis Redbirds batting - Pitching for Indianapolis Indians : RHP Curt Campbell
Batting: RHB Travis Leonard 0-0: Called Strike
0-1: Hit by Pitch
Batting: LHB Shigeru Ono 0-0: Ball
1-0: Ball
2-0: Called Strike
2-1: Ball
3-1: Base on Balls
Travis Leonard to second
Batting: RHB Dan Boykins 0-0: Ball
1-0: Called Strike
1-1: Fly out, F8 (Line Drive, 8RM, EV 94.4 MPH)
Batting: RHB Josh Lyon 0-0: Ball
1-0: Grounds into double play, 6-4-3 (Groundball, 6, EV 87.5 MPH)
Bottom of the 4th over - 0 runs, 0 hits, 0 errors, 1 left on base; Indianapolis 3 - Memphis 3
TOP OF THE 5TH
Indianapolis Indians batting - Pitching for Memphis Redbirds : RHP Geoff Mooney
Batting: RHB Slamet Pamungkas 0-0: Called Strike
0-1: Ground out 3-1 (Groundball, 34, EV 102.5 MPH)
Batting: SHB Francisco Gutierrez 0-0: Ball
1-0: Foul Ball, location: 2F
1-1: Ball
2-1: Ground out 5-3 (Groundball, 56, EV 91.9 MPH)
Batting: RHB Caleb Russell 0-0: Ground out 6-3 (Groundball, 6, EV 103.8 MPH)
Top of the 5th over - 0 runs, 0 hits, 0 errors, 0 left on base; Indianapolis 3 - Memphis 3
BOTTOM OF THE 5TH
Memphis Redbirds batting - Pitching for Indianapolis Indians : RHP Curt Campbell
Batting: RHB Tim Nettles 0-0: Called Strike
0-1: Swinging Strike
0-2: Ball
1-2: Foul Ball, location: 2F
1-2: Ball
2-2: Fly out, F7 (Flyball, 78D, EV 81.9 MPH)
Pitching: RHP Mitch Ingerson
Batting: SHB Quido van Erp 0-0: Called Strike
0-1: Called Strike
0-2: Foul Ball, location: 2F
0-2: Ground out 6-3 (Groundball, 56D, EV 105.6 MPH)
Batting: RHB Pavpv Ivanushkin 0-0: Called Strike
0-1: Called Strike
0-2: Ball
1-2: Fly out, F3 (Line Drive, 3, EV 61.2 MPH)
Bottom of the 5th over - 0 runs, 0 hits, 0 errors, 0 left on base; Indianapolis 3 - Memphis 3
TOP OF THE 6TH
Indianapolis Indians batting - Pitching for Memphis Redbirds : RHP Geoff Mooney
Batting: SHB Ben Myers 0-0: Ball
1-0: Called Strike
1-1: Hit by Pitch
Batting: SHB Louie Horne 0-0: Fielders Choice at 2nd, 3-6 (Groundball, 34, EV 92.5 MPH)
Batting: LHB Marc Carter 0-0: Called Strike
0-1: Called Strike
0-2: Foul Ball, location: 2F
0-2: Strikes out swinging
Batting: SHB Trevor Weareorwear 0-0: Ball
1-0: Ball
2-0: Ball
3-0: Base on Balls
Louie Horne to second
Batting: RHB Bubba Tierney 0-0: Ball
1-0: Called Strike
1-1: Fly out, F9 (Flyball, 89M, EV 83.1 MPH)
Top of the 6th over - 0 runs, 0 hits, 0 errors, 2 left on base; Indianapolis 3 - Memphis 3
BOTTOM OF THE 6TH
Memphis Redbirds batting - Pitching for Indianapolis Indians : RHP Mitch Ingerson
Batting: RHB Terry Baginski 0-0: Called Strike
0-1: Foul Ball, location: 2F
0-2: Foul Ball, location: 2F
0-2: Strikes out swinging
Batting: LHB Jesus Ramirez 0-0: Ball
1-0: Swinging Strike
1-1: Called Strike
1-2: Foul Ball, location: 2F
1-2: Strikes out swinging
Batting: RHB Travis Leonard 0-0: Fly out, F8 (Flyball, 8RXD, EV 110.0 MPH)
Bottom of the 6th over - 0 runs, 0 hits, 0 errors, 0 left on base; Indianapolis 3 - Memphis 3
TOP OF THE 7TH
Indianapolis Indians batting - Pitching for Memphis Redbirds : RHP Geoff Mooney
Batting: RHB Chris McCoy 0-0: Ball
1-0: SINGLE (Groundball, P, EV 82.5 MPH) (infield hit)
Batting: RHB Slamet Pamungkas 0-0: Bunted foul
0-1: Ball
1-1: Bunted foul
1-2: Foul Ball, location: 2F
1-2: DOUBLE (Flyball, 3D, EV 93.8 MPH)
Chris McCoy to third
Batting: SHB Francisco Gutierrez 0-0: Intentional Walk
Batting: RHB Caleb Russell 0-0: Foul Ball, location: 2F
0-1: Ball
1-1: Called Strike
1-2: Strikes out swinging
Pitching: RHP Brian Sanderson
Batting: SHB Ben Myers 0-0: Fly out, F7 (Flyball, 7S, EV 90.0 MPH)
Batting: SHB Louie Horne 0-0: Called Strike
0-1: Ground out U3 (Groundball, 34, EV 101.2 MPH)
Top of the 7th over - 0 runs, 2 hits, 0 errors, 3 left on base; Indianapolis 3 - Memphis 3
BOTTOM OF THE 7TH
Memphis Redbirds batting - Pitching for Indianapolis Indians : RHP Mitch Ingerson
Pitching: LHP Martin Garcia
Pinch Hitting: RHB Klaas Meij 0-0: DOUBLE (Groundball, 5L, EV 102.5 MPH)
Batting: RHB Dan Boykins 0-0: Ball
1-0: DOUBLE (Flyball, 8LXD, EV 108.8 MPH)
Klaas Meij scores
Batting: RHB Josh Lyon 0-0: Ball
1-0: Ball
2-0: Foul Ball, location: 2F
2-1: Ball
3-1: Base on Balls
Pinch Runner at 2nd Nick Getz:
Batting: RHB Tim Nettles 0-0: Foul Ball, location: 2F
0-1: Called Strike
0-2: Foul Ball, location: 2F
0-2: Ball
1-2: SINGLE (Groundball, 4MD, EV 103.1 MPH)
Nick Getz to third
Josh Lyon to second
Runner from 3rd tries for Home, SAFE, throw by CF to home
Josh Lyon to third
Tim Nettles to second
Batting: SHB Quido van Erp 0-0: SINGLE (Line Drive, 89S, EV 94.4 MPH)
Josh Lyon scores
Tim Nettles to third
Runner from 3rd tries for Home, SAFE, throw by RF to home
Pitching: RHP David Winstead
Batting: RHB Pavpv Ivanushkin 0-0: Ball
Quido van Erp is caught stealing 2nd base 2-4
1-0: Foul Ball, location: 2F
1-1: Ball
2-1: Ball
3-1: Foul Ball, location: 2F
3-2: Ground out 5-3 (Groundball, 5, EV 81.2 MPH)
Batting: RHB Terry Baginski 0-0: Called Strike
0-1: Fly out, F7 (Flyball, 7S, EV 86.9 MPH)
Bottom of the 7th over - 4 runs, 4 hits, 0 errors, 0 left on base; Indianapolis 3 - Memphis 7
TOP OF THE 8TH
Indianapolis Indians batting - Pitching for Memphis Redbirds : RHP Brian Sanderson
Now at 1B: Terry Baginski
Now at SS: Klaas Meij
Now in CF: Nick Gentzel
Now in RF: Tim Nettles
Batting: LHB Marc Carter 0-0: Called Strike
0-1: Ball
1-1: Fly out, F6 (Flyball, 6MD, EV 86.2 MPH)
Batting: SHB Trevor Weareorwear 0-0: Called Strike
0-1: Ground out 4-3 (Groundball, 34, EV 85.0 MPH)
Batting: RHB Bubba Tierney 0-0: Fly out, F4 (Popup, 3D, EV 62.5 MPH)
Top of the 8th over - 0 runs, 0 hits, 0 errors, 0 left on base; Indianapolis 3 - Memphis 7
BOTTOM OF THE 8TH
Memphis Redbirds batting - Pitching for Indianapolis Indians : RHP David Winstead
Batting: LHB Jesus Ramirez 0-0: Called Strike
0-1: Fly out, F8 (Flyball, 8LXD, EV 98.1 MPH)
Batting: RHB Travis Leonard 0-0: Foul Ball, location: 2F
0-1: Called Strike
0-2: Strikes out swinging
Batting: RHB Klaas Meij 0-0: Ball
1-0: Fly out, F9 (Flyball, 9LS, EV 90.0 MPH)
Bottom of the 8th over - 0 runs, 0 hits, 0 errors, 0 left on base; Indianapolis 3 - Memphis 7
TOP OF THE 9TH
Indianapolis Indians batting - Pitching for Memphis Redbirds : RHP Brian Sanderson
Pitching: RHP Josh Sabatino
Batting: RHB Chris McCoy 0-0: Called Strike
0-1: Ball
1-1: Ground out 4-3 (Groundball, 4, EV 85.0 MPH)
Batting: RHB Slamet Pamungkas 0-0: Ground out 5-3 (Groundball, 56, EV 86.9 MPH)
Batting: SHB Francisco Gutierrez 0-0: Ball
1-0: Called Strike
1-1: Fly out, F2 (Popup, 25F, EV 90.0 MPH)
Top of the 9th over - 0 runs, 0 hits, 0 errors, 0 left on base; Indianapolis 3 - Memphis 7
Wednesday, June 22nd , 2022 - OOTP Baseball 23.4 Build 64